 Dungeon Crawl Stone Soup version 0.26.1-2-gb8aa6d0cf2 (webtiles) character file.

Game seed: 13233019908369654543

213 Gabide the Digger (level 5, -1/42 HPs)
             Began as a Gargoyle Earth Elementalist on Mar 3, 2021.
             Was an Initiate of Vehumet.
             Killed from afar by an orc wizard (9 damage)
             ... with a magic dart
             ... on level 4 of the Dungeon.
             The game lasted 00:09:58 (3114 turns).

Gabide the Digger (Gargoyle Earth Elementalist)     Turns: 3114, Time: 00:10:01

Health: -1/42      AC: 22    Str: 17    XL:     5   Next: 90%
Magic:  0/9        EV:  2    Int: 16    God:    Vehumet [......]
Gold:   126        SH:  0    Dex: 11    Spells: 4/10 levels left

rFire    + . .     SeeInvis .     - Unarmed
rCold    + . .     Faith    .   (no shield)
rNeg     + + +     Spirit   .   (armour currently unavailable)
rPois    ∞         Reflect  .   (helmet currently unavailable)
rElec    +         Harm     .   (cloak currently unavailable)
rCorr    +         Rampage  .   (gloves currently unavailable)
Will     .....     NoTele   +   (boots currently unavailable)
Stlth    ++........             (no amulet)
HPRegen  0.14/turn              q - +6 ring of strength
MPRegen  0.11/turn              o - +4 ring of evasion

@: mighty, tree-form, resistant
A: negative energy resistance 1, petrification resistance, miasma immunity, AC
+4
a: Renounce Religion


You were on level 4 of the Dungeon.
You worshipped Vehumet.
Vehumet was noncommittal.
You were a tree.
You visited 1 branch of the dungeon, and saw 4 of its levels.

You collected 126 gold pieces.

Inventory:

Missiles
 b - 35 stones
Armour
 c - a +0 robe (melded)
 d - a +0 cloak (melded)
 g - a +2 helmet (melded)
Jewellery
 j - an uncursed ring of ice
 o - a +4 ring of evasion (right branch)
 p - an uncursed ring of see invisible
 q - a +6 ring of strength (left branch)
Wands
 n - a wand of enslavement (13)
 t - a wand of iceblast (5)
Scrolls
 k - 2 scrolls of remove curse
Potions
 a - 3 potions of attraction
 e - 3 potions of resistance
 f - 2 potions of mutation
 i - a potion of heal wounds {unknown}
 l - a potion of lignification
 r - 2 potions of curing


   Skills:
 + Level 0.3 Fighting
 + Level 2.5 Dodging
 - Level 2.5 Stealth
 + Level 1.5 Unarmed Combat
 + Level 3.2 Spellcasting
 * Level 1.5 Conjurations
 + Level 0.7 Transmutations
 + Level 5.0 Earth Magic


You had 4 spell levels left.
You knew the following spells:

 Your Spells              Type           Power        Failure   Level
a - Sandblast             Erth           36%          2%          1
b - Passwall              Tmut/Erth      9%           9%          2
c - Stone Arrow           Conj/Erth      26%          14%         3

Your spell library contained the following spells:

 Spells                   Type           Power        Failure   Level
 Petrify                  Tmut/Erth      11%          50%         4
 Lee's Rapid Deconstruct  Erth           9%           54%         5


Dungeon Overview and Level Annotations

Branches:
Dungeon (4/15)
 Temple: D:4-7

Altars:
Gozag
Hepliaklqana
Makhleb
Nemelex Xobeh
Ru
Vehumet
Xom
Yredelemnul
Zin


Innate Abilities, Weirdness & Mutations

You are resistant to torment.
((Your stone body is resilient. (AC +4)))
You are immune to poison.
You resist negative energy. (rN+)
((You are resistant to electric shocks. (rElec)))
((You can survive without breathing.))
You are immune to petrification.
You are immune to miasma.


Message History

The orc wizard is heavily wounded.
The orc wizard hits you but does no damage.
The orc wizard casts a spell.
The orc wizard seems to speed up.
The orc hits you.
* * * LOW HITPOINT WARNING * * *
The orc wizard hits you but does no damage.
You feel very mighty all of a sudden.
The orc wizard gestures wildly while chanting.
The orc wizard blinks!
The orc wizard mumbles some strange words.
The orc wizard blinks!
The orc wizard hits you but does no damage.
The orc hits you but does no damage. x2
You smack the orc wizard!
You kill the orc wizard!
Vehumet accepts your kill.
The orc wizard hits you but does no damage.
The orc wizard gestures at you while chanting.
The magic dart hits you!
You die...

..........# ............##
.............#
.....<................#
......................#
....................))#
.............[........###
...............o)o......#
...............§♣......#.#
...............o.......# #
)......................#
......................##
................o.....#
......................#
......................#
........................
.....................###


You could see 2 orc wizards and 2 orcs.

Vanquished Creatures
  2 orc wizards (D:4)
  2 iguanas (D:4)
  Ijyb (D:3)
  Terence (D:2)
  2 adders
  An ooze (D:1)
  2 worms
  A dart slug (D:1)
  A leopard gecko (D:2)
  7 orcs
  3 giant cockroaches
  5 goblins
  5 hobgoblins
  4 bats
  2 frilled lizards
  5 kobolds
  6 rats
50 creatures vanquished.

Notes
Turn   | Place    | Note
-------+----------+-------------------------------------------
     0 | D:1      | Gabide the Gargoyle Earth Elementalist began the quest for
                  | the Orb.
     0 | D:1      | Reached XP level 1. HP: 10/10 MP: 3/3
   227 | D:1      | Reached XP level 2. HP: 15/15 MP: 1/5
   239 | D:1      | Reached skill level 4 in Earth Magic
   731 | D:2      | Reached XP level 3. HP: 19/19 MP: 3/6
   816 | D:2      | Found a burning altar of Makhleb.
  1031 | D:2      | Noticed Terence
  1224 | D:2      | Reached skill level 1 in Unarmed Combat
  1286 | D:2      | Learned a level 2 spell: Passwall
  1290 | D:2      | Learned a level 3 spell: Stone Arrow
  1458 | D:2      | Killed Terence
  1459 | D:2      | Reached XP level 4. HP: 16/24 MP: 0/8
  2279 | D:3      | Found a shimmering altar of Xom.
  2353 | D:3      | Found a sparkling altar of Nemelex Xobeh.
  2353 | D:3      | Found a hazy altar of Hepliaklqana.
  2354 | D:3      | Found a sacrificial altar of Ru.
  2355 | D:3      | Found a basalt altar of Yredelemnul.
  2356 | D:3      | Found a glowing silver altar of Zin.
  2358 | D:3      | Found an opulent altar of Gozag.
  2360 | D:3      | Found a radiant altar of Vehumet.
  2363 | D:3      | Became a worshipper of Vehumet
  2513 | D:4      | Noticed Ijyb
  2679 | D:3      | Killed Ijyb
  2680 | D:3      | Reached XP level 5. HP: 18/28 MP: 0/9
  2808 | D:4      | Reached skill level 1 in Conjurations
  3112 | D:4      | Reached skill level 5 in Earth Magic
  3114 | D:4      | Killed from afar by an orc wizard

Illustrated notes

Levels and vault maps discovered:
D:1:      dpeg_arrival_snail, layout_basic
D:2:      layout_loops_ring, lemuel_crystal_altar, uniq_terence
D:3:      layout_basic, minitemple, lemuel_coloured_pillars_altar
D:4:      layout_layer_cave, temple_hall, chequers_garden, uniq_pikel, uniq_ijyb

Skill      XL: |  1  2  3  4  5 |
---------------+----------------+-----
Earth Magic    | 4 5 |  5.0
Dodging        | 2 |  2.5
Unarmed Combat | 1 |  1.5
Spellcasting   | 3 |  3.2
Conjurations   | 1 |  1.5
Fighting       | |  0.3
Stealth        | |  2.5
Transmutations | |  0.7

Action                   |  1- 3 |  4- 6 || total
-------------------------+-------+-------++-------
Melee: Unarmed           |    91 |   182 ||   273
       Punch             |       |     1 ||     1
 Cast: Sandblast         |    43 |    60 ||   103
  Use: Scroll            |     4 |    12 ||    16
       Potion            |       |     4 ||     4
Armor: Robe              |    27 |    63 ||    90
       Skin              |       |    12 ||    12
Dodge: Dodged            |    53 |   144 ||   197
